 Dungeon Crawl Stone Soup version 0.19.0-19-g8c6edcc (webtiles) character file.

429 toast the Skirmisher (level 6, -9/49 HPs)
             Began as a Merfolk Fighter on Nov 15, 2016.
             Was a Believer of Zin.
             Mangled by Menkaure (13 damage)
             ... on level 4 of the Dungeon.
             The game lasted 00:08:07 (2566 turns).

toast the Skirmisher (Merfolk Fighter)              Turns: 2566, Time: 00:08:07

Health: -9/49      AC: 11    Str: 19    XL:     6   Next: 98%
Magic:  6/6        EV:  5    Int:  7    God:    Zin [**....]
Gold:   207        SH: 10    Dex: 16    Spells: 0 memorised, 5 levels left

rFire  . . .     SeeInvis .     a - +0 war axe
rCold  . . .     Gourm    .     q - +0 chain mail
rNeg   . . .     Faith    .     c - +0 shield
rPois  .         Spirit   .     p - +2 hat
rElec  .         Reflect  .     (no cloak)
rCorr  .         Harm     .     (no gloves)
MR     .....                    (no boots)
Stlth  ..........               (no amulet)
                                (no ring)
                                n - +3 ring of dexterity

@: no status effects
A: change form in water, swift swim, stealthy swim
a: Recite, Vitalisation, Donate Gold, Renounce Religion


You were on level 4 of the Dungeon.
You worshipped Zin.
Zin was pleased with you.
You were not hungry.

You visited 1 branch of the dungeon, and saw 4 of its levels.
You also visited: Sewer.

You collected 229 gold pieces.
You donated 22 gold pieces to Zin.

Inventory:

Hand Weapons
 a - a +0 war axe (weapon)
Armour
 b - a +0 scale mail
 c - a +0 shield (worn)
 g - the +0 helmet of Mebboil {rPois Int-3 Slay+2, unknown}
   (You found it on level 4 of the Dungeon)

   It affects your intelligence (-3).
   It affects your accuracy and damage with ranged weapons and melee attacks
   (+2).
   It protects you from poison.
 p - a +2 hat (worn)
 q - a +0 chain mail (worn)
Jewellery
 n - a +3 ring of dexterity (left hand)
 w - an uncursed ring of ice
Wands
 h - a wand of flame (24/48)
Scrolls
 j - 2 scrolls of identify
 k - 3 scrolls of remove curse
 y - a scroll of fog {unknown}
 z - a scroll of fear {unknown}
Potions
 d - 2 potions of might
 e - a potion of curing {unknown}
 i - a potion of agility {unknown}
 l - 3 potions of heal wounds
 r - a potion of haste {unknown}
 s - a potion of cancellation {unknown}
 u - a potion of magic {unknown}
 v - 2 potions of degeneration {unknown}
Comestibles
 f - 6 bread rations
 m - 2 beef jerkies
 o - a slice of pizza
 t - a meat ration
 x - a royal jelly


   Skills:
 + Level 4.6 Fighting
 * Level 3.9 Axes
 + Level 3.1 Armour
 + Level 4.3 Shields
 + Level 0.4 Invocations


You had 5 spell levels left.
You didn't know any spells.

Dungeon Overview and Level Annotations

Branches:
Dungeon (4/15)
 Temple: D:4-7

Altars:
Elyvilon
Ru
Uskayaw
Xom
Zin

Annotations:
D:4 Menkaure


Message History

The jackal bites you but does no damage.
You hit Menkaure.
Menkaure is severely damaged.
You hit the jackal but do no damage. You block the jackal's attack.
Menkaure gestures wildly while chanting.
The jackal bites you.
* * * LOW HITPOINT WARNING * * *
Menkaure casts a spell.
You fail to use your ability.
The jackal bites you but does no damage.
Menkaure gestures at you while chanting.
Pain shoots through your body!
* * * LOW HITPOINT WARNING * * *
You block the jackal's attack.
You hit Menkaure.
Menkaure is severely damaged.
You miss the jackal. Menkaure hits you but does no damage.
The jackal bites you but does no damage.
Menkaure hits you!
You die...

..#### ###..##
#.....# ......
##...##
##...##
...M.###..###
#####
..........##
....##...###
...####.##.#
...........#
!......M...#
.....w.@...#
8#8.#..h†..#
#?#........#
8#8........#
(...........#
..###........#
# .#
##.......#
######
###......#
###.....
#.....#
#.......


You could see Menkaure, a dart slug and a jackal.

Vanquished Creatures
  A black bear (D:3)
  2 bullfrogs (Sewer)
  A scorpion (D:4)
  A worker ant (D:4)
  5 adders
  3 oozes
  4 dart slugs
  A leopard gecko (D:1)
  An orc (D:3)
  2 ball pythons (Sewer)
  6 giant cockroaches
  4 goblins
  10 hobgoblins
  A jackal (D:4)
  9 kobolds
  2 quokkas
  4 bats (D:2)
  11 frilled lizards
  A leopard gecko skeleton (D:4)
  7 rats
76 creatures vanquished.

Vanquished Creatures (others)
  A goblin (D:3)
1 creature vanquished.

Grand Total: 77 creatures vanquished

Notes
Turn   | Place    | Note
-------+----------+-------------------------------------------
     0 | D:1      | toast the Merfolk Fighter began the quest for the Orb.
     0 | D:1      | Reached XP level 1. HP: 18/18 MP: 1/1
   187 | D:1      | Reached XP level 2. HP: 17/24 MP: 2/2
   322 | D:1      | Reached XP level 3. HP: 25/29 MP: 3/3
   829 | D:2      | Found a glowing silver altar of Zin.
   829 | D:2      | Noticed an angel
   831 | D:2      | Found a shimmering altar of Xom.
   834 | D:2      | Became a worshipper of Zin the Law-Giver
   933 | D:2      | Reached * piety under Zin
  1184 | D:2      | Found a sacrificial altar of Ru.
  1243 | D:2      | Found a hide-covered altar of Uskayaw.
  1244 | D:2      | Noticed a hand axe
  1244 | D:2      | Noticed a hand axe
  1250 | D:2      | Reached XP level 4. HP: 37/37 MP: 4/4
  1455 | D:3      | Found a white marble altar of Elyvilon.
  1566 | D:3      | Noticed a black bear
  1577 | D:3      | Killed a black bear
  1577 | D:3      | Reached XP level 5. HP: 23/42 MP: 5/5
  1625 | D:3      | Reached ** piety under Zin
  2066 | D:3      | Found a glowing drain.
  2077 | Sewer    | Entered a sewer
  2143 | Sewer    | Reached XP level 6. HP: 42/49 MP: 6/6
  2551 | D:4      | Noticed Menkaure
  2557 | D:4      | Got a slimy helmet
  2566 | D:4      | Mangled by Menkaure

Skill      XL: |  1  2  3  4  5 |
---------------+----------------+-----
Axes           | 2 3 |  3.9
Fighting       | 4 |  4.6
Armour         | 3 |  3.1
Shields        | 4 |  4.3
Invocations    | |  0.4

Action                   |  1- 3 |  4- 6 || total
-------------------------+-------+-------++-------
Melee: War axe           |   111 |   123 ||   234
       Tailslap          |       |     4 ||     4
  Use: Scroll            |       |     5 ||     5
  Eat: Chunk             |     1 |     5 ||     6
Armor: Scale mail        |    47 |       ||    47
       Chain mail        |    21 |   100 ||   121
Dodge: Dodged            |    22 |    33 ||    55
Block: Shield            |    62 |    80 ||   142
